Map: Jagannatha LE

Players

Serral

  • Race: Zerg Zerg
  • Spawn Location: 1:00

Dark - Winner!

  • Race: Zerg Zerg
  • Spawn Location: 7:00

Event: IEM Katowice 2021

VOD

Have the link to the VOD?

Description

Time

  • Played on: Feb. 23, 2021, 9:47 a.m.
  • Length: 5:40

All games in this series

Show
View Real Time Build Order
Export as new Build Order

Serral Zerg 

Build Orders: Hatch First 

Get SALT Encoding   

  12  0:00  Drone  
  13  0:12  Overlord  
  13  0:17  Drone  
  14  0:30  Drone x2  
  16  0:47  Hatchery  
  15  0:52  Drone  
  15  0:55  Drone  
  17  0:58  Drone  
  18  1:09  Extractor  
  17  1:14  Spawning Pool  
  17  1:18  Drone  
  17  1:21  Drone  
  18  1:28  Drone  
  19  1:39  Drone  
  20  2:00  Zergling x6  
  20  2:01  Queen x2  
  27  2:11  Zergling x2  
  27  2:14  Overlord  
  27  2:24  Zergling x2  
  27  2:32  Metabolic Boost  
  27  2:43  Zergling x2  
  28  2:44  Drone x2  
  28  2:45  Drone  
  28  2:50  Overlord  
  31  2:54  Drone  
  32  3:01  Queen  
  35  3:05  Drone  
  35  3:09  Drone  
  35  3:10  Drone  
  37  3:14  Drone x2  
  39  3:22  Baneling Nest, Drone  
  39  3:25  Zergling x2  
  39  3:27  Zergling x2  
  41  3:31  Overlord  
  41  3:33  Drone  
  41  3:41  Evolution Chamber  
  41  3:42  Evolution Chamber  
  40  3:49  Zergling x8, Evolution Chamber  
  40  3:52  Zergling x2  
  40  3:53  Zergling x2  
  45  4:01  Zergling x4  
  43  4:06  Baneling  
  40  4:10  Zergling x2  
  40  4:13  Zergling x4  
  34  4:18  Baneling x2  
  34  4:21  Queen  
  34  4:24  Zergling x4  
  37  4:27  Baneling  
  36  4:35  Zergling x4  
  36  4:39  Baneling  
  31  4:50  Zergling x2  
Show
View Real Time Build Order
Export as new Build Order

Dark Zerg - Winner!

Build Orders: Pool First 

Get SALT Encoding   

  12  0:18  Spawning Pool  
  11  0:22  Drone  
  11  0:26  Drone  
  13  0:33  Drone  
  14  0:40  Overlord  
  14  1:05  Zergling x6  
  14  1:08  Extractor  
  16  1:16  Zergling x2  
  17  1:22  Hatchery  
  16  1:27  Zergling x2  
  17  1:37  Zergling x2  
  18  1:46  Queen  
  20  1:52  Drone  
  21  2:03  Overlord  
  21  2:14  Metabolic Boost  
  21  2:23  Drone  
  21  2:33  Zergling x4  
  21  2:36  Zergling x2  
  24  2:43  Queen  
  26  2:47  Zergling x2  
  27  2:56  Zergling x2  
  29  2:58  Zergling x4  
  30  3:08  Overlord  
  30  3:11  Zergling x2  
  31  3:15  Zergling x2  
  31  3:18  Zergling x2  
  33  3:27  Zergling x4  
  35  3:33  Zergling x2  
  36  3:39  Zergling x4  
  37  3:52  Zergling x2  
  36  3:57  Zergling x2  
  36  3:58  Zergling x4  
  36  4:02  Zergling x4  
  37  4:15  Zergling x6  
  37  4:18  Zergling x4  
  39  4:27  Zergling x2  
  39  4:28  Zergling x2  
  39  4:38  Zergling x4  
  33  4:55  Zergling x2  
  33  4:58  Zergling x8  
  35  5:00  Zergling x2  

Tags
 
Add a new tag
Caveats
  • Supply blocks, unpowered buildings, or Contaminate may cause inaccurate times.
  • Supply counts are checked every 10 seconds.